 Dungeon Crawl Stone Soup version 0.29-a0-1030-gf5f8719cae (webtiles) character file.

Game seed: 13062059556700871146

419 2tc the Firebug (level 6, -4/32 HPs)
             Began as a Gargoyle Fire Elementalist on Aug 12, 2022.
             Was a Believer of Cheibriados.
             Slain by an ogre
             ... wielding a +0 giant club
              (21 damage)
             ... on level 5 of the Dungeon on Aug 14, 2022.
             The game lasted 00:11:24 (4830 turns).

2tc the Firebug (Gargoyle Fire Elementalist)        Turns: 4830, Time: 00:11:25

Health: -4/32      AC:  8    Str: 19    XL:     6   Next: 93%
Magic:  5/9        EV: 12    Int: 20    God:    Cheibriados [**....]
Gold:   277        SH:  0    Dex: 15    Spells: 2/9 levels left

rFire   . . .      SeeInvis .   n - +1 dagger (venom)
rCold   . . .      Faith    .   (no shield)
rNeg    + . .      Spirit   .   a - +0 robe
rPois   ∞          Reflect  .   (no helmet)
rElec   +          Harm     .   q - +0 cloak
rCorr   .          Rampage  .   (no gloves)
Will    .....                   h - +0 pair of boots
Stlth   ++........              (no amulet)
HPRegen 0.10/turn               (no ring)
MPRegen 0.11/turn               (no ring)

@: very slow
A: sickness immunity, AC +4, negative energy resistance 1, electricity
resistance, torment resistance 1, petrification resistance
a: Renounce Religion, Bend Time


You were on level 5 of the Dungeon.
You worshipped Cheibriados.
Cheibriados was pleased with you.
You visited 1 branch of the dungeon, and saw 5 of its levels.

You collected 277 gold pieces.

Inventory:

Hand Weapons
 i - a +1 whip
 n - a +1 dagger of venom (weapon)
Armour
 a - a +0 robe (worn)
 h - a +0 pair of boots (worn)
 q - a +0 cloak (worn)
 s - the +2 robe of Caigeps {-Tele rF+ Will+}
   (You found it on level 4 of the Dungeon)

   rF:        It protects you from fire.
   -Tele:     It prevents most forms of teleportation.
   Will:      It increases your willpower.
Jewellery
 p - a ring of protection from cold
Wands
 l - a wand of polymorph (5)
Scrolls
 g - 6 scrolls of butterflies
 k - 5 scrolls of enchant weapon
Potions
 b - a potion of magic
 d - a potion of attraction {unknown}
 e - a potion of lignification {unknown}
 f - a potion of curing {unknown}
 j - a potion of haste {unknown}
 m - 2 potions of cancellation {unknown}
 o - 2 potions of might {unknown}
 r - a potion of mutation {unknown}


   Skills:
 - Level 1.5 Dodging
 - Level 2.1 Stealth
 - Level 2.0 Spellcasting
 - Level 3.0 Conjurations
 * Level 7.1 Fire Magic


You had 2 spell levels left.
You knew the following spells:

 Your Spells              Type           Power      Damage    Failure   Level
a - Foxfire               Conj/Fire      88%        2x1d8     1%          1
b - Scorch                Fire           60%        2d8       1%          2
c - Flame Wave            Conj/Fire      22%        2d8       21%         4

Your spell library contained the following spells:

 Spells                   Type           Power      Damage    Failure   Level
 Ensorcelled Hibernation  Hex/Ice        4%         N/A       24%         2
 Passwall                 Tmut/Erth      1%         N/A       24%         2
 Conjure Flame            Conj/Fire      22%        6-21      6%          3
 Inner Flame              Hex/Fire       16%        N/A       11%         3
 Summon Guardian Golem    Hex/Summ       2%         N/A       43%         3
 Swiftness                Air            2%         N/A       43%         3
 Dispersal                Tloc           1%         N/A       100%        6
 Orb of Destruction       Conj           7%         9d6       100%        7
 Spellforged Servitor     Conj/Summ      4%         N/A       100%        7
 Disjunction              Tloc           1%         N/A       100%        8


Dungeon Overview and Level Annotations

Branches:
Dungeon (5/15)
 Temple: D:4-7

Altars:
Cheibriados

Annotations:
D:4 3 runed translucent doors, 27heaven's ghost, amateur OpMo


Innate Abilities, Weirdness & Mutations

You are immune to sickness and miasma.
Your stone body is resilient. (AC +4)
You are immune to poison.
You resist negative energy. (rN+)
You are resistant to electric shocks. (rElec)
You are resistant to unholy torment.
You are immune to petrification.


Message History

The steam dragon bites you. The steam dragon completely misses you.
You conjure some foxfire!
The steam dragon bites you but does no damage.
The steam dragon claws you.
Casting: Foxfire (safe; 2% risk of failure)
Confirm with . or Enter, or press ? or * to list all spells.
Flames lash the steam dragon.
The steam dragon is burned terribly!
The steam dragon is severely wounded.
You are engulfed in a cloud of scalding steam.
The foxfire hits the steam dragon!
The steam dragon is burned terribly!
You kill the steam dragon!
Cheibriados appreciates the change of pace.
An ogre comes into view. It is wielding a +0 giant club.
Training target 3.0 for Conjurations reached!
Your Conjurations skill increases to level 3!
Your Fire Magic skill increases to level 7!
As you read the scroll of butterflies, it crumbles to dust.
You hear the tinkle of a tiny bell.
The ogre completely misses your butterfly.
You swap places.
Your magical contamination has completely faded away.
You swap places.
The ogre hits your butterfly with a +0 giant club!
Your butterfly dies!
Your butterfly disappears in a burst of colours!
You swap places.
The ogre hits your butterfly with a +0 giant club!!
Your butterfly dies!
Your butterfly disappears in a burst of colours!
You swap places.
The ogre completely misses your butterfly.
The ogre barely misses your butterfly.
You swap places.
The ogre closely misses your butterfly.
Really read the scroll of immolation?
As you read the scroll of immolation, it crumbles to dust.
The creatures around you are filled with an inner flame!
Your butterfly disappears in a burst of colours!
The ogre hits you with a +0 giant club!!
Ouch! That really hurt!
You die...

#......##.########
#...#............
##.#####.########
#.......#
#.####### #.####
#....# ####.# #@#
#O# ####b# #..b.#
#....#
#..b#######.##
##........... #
#..#####.#. ##.
######..#####..
...


You could see an ogre (inner flame, ally target).

Vanquished Creatures
  A steam dragon (D:5)
  Menkaure (D:5)
  A hound (D:5)
  Terence (D:3)
  5 adders
  A gnoll (D:1)
  A worm (D:3)
  A dart slug (D:2)
  9 endoplasms
  3 giant cockroaches
  6 goblins
  5 hobgoblins
  A quokka (D:2)
  8 ball pythons
  7 bats
  2 frilled lizards
  7 kobolds
  3 rats
  A spectral kobold (D:2)
64 creatures vanquished.

Vanquished Creatures (others)
  203 foxfires
203 creatures vanquished.

Grand Total: 267 creatures vanquished

Notes
Turn   | Place    | Note
-------+----------+-------------------------------------------
     0 | D:1      | 2tc the Gargoyle Fire Elementalist began the quest for the
                  | Orb.
     0 | D:1      | Reached XP level 1. HP: 10/10 MP: 3/3
   166 | D:1      | Reached XP level 2. HP: 10/15 MP: 1/5
   312 | D:1      | Learned a level 2 spell: Scorch
   451 | D:1      | Reached skill level 4 in Fire Magic
   707 | D:1      | Reached XP level 3. HP: 19/19 MP: 3/6
   979 | D:1      | Upgraded the game from 0.29-a0-1027-gcd8c55af63 to
                  | 0.29-a0-1030-gf5f8719cae
  1243 | D:2      | Found a faded altar of an unknown god.
  1263 | D:2      | Prayed at the altar of an unknown god.
  1263 | D:2      | Became a worshipper of Cheibriados the Contemplative
  1263 | D:2      | Reached * piety under Cheibriados
  1530 | D:2      | Reached XP level 4. HP: 24/24 MP: 0/7
  1883 | D:2      | Reached skill level 5 in Fire Magic
  2013 | D:2      | Reached ** piety under Cheibriados
  2751 | D:3      | Noticed Terence
  2769 | D:3      | Killed Terence
  2993 | D:3      | Reached XP level 5. HP: 14/28 MP: 8/8
  3856 | D:3      | Learned a level 4 spell: Flame Wave
  4002 | D:4      | Found a runed translucent gate.
  4002 | D:4      | Found a runed translucent gate.
  4002 | D:4      | Found a runed translucent gate.
  4002 | D:4      | Noticed an ice beast
  4005 | D:4      | Noticed 27heaven's ghost (amateur OpMo)
  4497 | D:4      | Identified the +2 robe of Caigeps {-Tele rF+ Will+}
  4688 | D:5      | Entered Level 5 of the Dungeon
  4717 | D:5      | Noticed Menkaure
  4720 | D:5      | Killed Menkaure
  4721 | D:5      | Reached skill level 6 in Fire Magic
  4721 | D:5      | Reached XP level 6. HP: 32/32 MP: 4/9
  4804 | D:5      | Noticed a steam dragon
  4813 | D:5      | Killed a steam dragon
  4814 | D:5      | Reached skill level 7 in Fire Magic
  4830 | D:5      | Slain by an ogre

Illustrated notes

Levels and vault maps discovered:
D:1:      saegor_arrival_simple_b, layout_loops_ring, minmay_domino_4
D:2:      minmay_recursive_quarters, layout_basic,
          dreamdust_ecumenical_altar_drowned_temple
D:3:      layout_basic, uniq_terence
D:4:      layout_basic, gammafunk_ghost_split
D:5:      layout_loops_cross, nicolae_yredelemnul_corpse_copse, uniq_menkaure

Skill      XL: |  1  2  3  4  5  6 |
---------------+-------------------+-----
Fire Magic     | 4 5 6 7 |  7.1
Conjurations   | 2 3 |  3.0
Dodging        | |  1.5
Stealth        | |  2.1
Spellcasting   | |  2.0

Action                   |  1- 3 |  4- 6 || total
-------------------------+-------+-------++-------
Melee: Unarmed           |    16 |       ||    16
       Whip              |    14 |       ||    14
       Dagger            |       |    32 ||    32
 Cast: Foxfire           |    55 |    70 ||   125
       Scorch            |       |     5 ||     5
  Use: Scroll            |     4 |     2 ||     6
Armor: Robe              |    12 |     9 ||    21
Dodge: Dodged            |    21 |    25 ||    46

Table legend: (Time is in decaauts)
 A = Elapsed time spent in this place.
 B = Non-inter-level travel time spent in this place.
 C = Inter-level travel time spent in this place.
 D = Time resting spent in this place.
 E = Time spent auto-exploring this place.
 F = Levels seen in this place.
 G = Mean time per level.
                   A        B        C        D        E       F      G
               +--------+--------+--------+--------+--------+-----+--------+
         Total |   5918 |   5726 |    192 |      0 |   5114 |   5 | 1183.6 |
       Dungeon |   5918 |   5726 |    192 |      0 |   5114 |   5 | 1183.6 |
               +--------+--------+--------+--------+--------+-----+--------+

Top non-repeatable levels by time:
     D:2: 1932 daAuts
     D:3: 1611 daAuts
     D:4: 1161 daAuts
     D:1: 1042 daAuts
     D:5: 169 daAuts
